 Dungeon Crawl Stone Soup version 0.32-a0-131-g9dbbe29261 (webtiles) character file.

Game seed: 4618220292938380470

7982 Newt the Fighter (level 11, -4/144 HPs)
             Began as a Barachi Fighter on Feb 8, 2024.
             Was a High Priest of Okawaru.
             Slain by a kobold brigand
             ... wielding a +2 vampiric dagger
              (6 damage)
             ... on level 9 of the Dungeon.
             The game lasted 00:15:05 (11243 turns).

Newt the Fighter (Barachi Fighter)                 Turns: 11243, Time: 00:15:06

Health: -4/144     AC: 25    Str: 21    XL:     11   Next: 23%
Magic:  0/11       EV:  2    Int:  8    God:    Okawaru [*****.]
Gold:   643        SH:  4    Dex: 13    Spells: 10/10 levels left

rFire   . . .        D - +2 falchion (holy)
rCold   . . .        c - +0 buckler
rNeg    + . .        A - melded +9 plate armour "Ocohepey" {rPois}
rPois   +            n - melded +1 hat
rElec   .            d - melded +0 cloak
rCorr   .            o - melded +0 pair of gloves
SInv    .            (boots currently unavailable)
Will    .....        j - amulet of guardian spirit
Stlth   +            q - ring of positive energy
HPRegen 0.44/turn    (no ring)
MPRegen 0.12/turn

%: guardian spirit
@: tree-form
A: stationary, stasis, torment immunity, boosted hp, (amphibious), (slowness 1),
(strong legs 1), +LOS
a: Renounce Religion, Heroism, Finesse, Duel


You were on level 9 of the Dungeon.
You worshipped Okawaru.
Okawaru was extremely pleased with you.
You were a tree.
You visited 2 branches of the dungeon, and saw 10 of its levels.

You collected 643 gold pieces.

Inventory:

Hand Weapons
 a - a +0 long sword
 D - a +2 falchion of holy wrath (weapon)
Missiles
 w - 8 poisoned darts
Armour
 b - a +0 scale mail
 c - a +0 buckler (worn)
 d - a +0 cloak (melded)
 n - a +1 hat (melded)
 o - a +0 pair of gloves (melded)
 A - the +9 plate armour "Ocohepey" (melded) {rPois}
   (You found it on level 3 of the Dungeon)

   rPois:     It protects you from poison
Jewellery
 j - an amulet of guardian spirit (around neck)
 q - a ring of positive energy (left branch)
 r - a ring of positive energy
 G - a +4 ring of protection
Wands
 E - a wand of flame (29)
Scrolls
 f - 2 scrolls of revelation
 h - a scroll of enchant armour
 p - 3 scrolls of poison
 y - a scroll of noise
 F - a scroll of amnesia
 I - a scroll of identify
Potions
 g - a potion of curing
 i - a potion of enlightenment {unknown}
 k - a potion of brilliance {unknown}
 l - a potion of attraction {unknown}
 m - a potion of berserk rage {unknown}
 s - 2 potions of lignification
 t - a potion of mutation {unknown}
 u - a potion of ambrosia {unknown}
 x - 2 potions of haste {unknown}
 z - a potion of degeneration {unknown}
 B - a potion of magic {unknown}


   Skills:
 + Level 12.3 Fighting
 * Level 12.1 Long Blades
 - Level 10.0 Armour
 - Level 3.2 Shields
 - Level 6.1 Evocations


You had 10 spell levels left.
You didn't know any spells.
Your spell library contained the following spells:

 Spells                   Type           Power      Damage    Failure   Level
 Magic Dart               Conj           0%         1d3       47%         1
 Blink                    Tloc           0%         N/A       63%         2
 Dazzling Flash           Conj/Hex       0%         N/A       85%         3
 Mephitic Cloud           Conj/Alch/Air  0%         N/A       85%         3
 Anguish                  Hex/Necr       0%         N/A       99%         4
 Cause Fear               Hex            0%         N/A       99%         4
 Passage of Golubria      Tloc           0%         N/A       99%         4
 Curse of Agony           Necr           0%         N/A       100%        5
 Silence                  Hex/Air        0%         N/A       100%        5
 Enfeeble                 Hex            0%         N/A       100%        7
 Lehudib's Crystal Spear  Conj/Erth      0%         10d2      100%        8
 Call Imp                 Summ           Unusable   N/A       N/A         2

Dungeon Overview and Level Annotations

Branches:
Dungeon (9/15)             Temple (1/1) D:4            Lair (0/5) D:8
    Orc: D:9-12

Altars:
Ashenzari
Cheibriados
Dithmenos
Elyvilon
Fedhas
Gozag
Hepliaklqana
Kikubaaqudgha
Makhleb
Okawaru
Ru
Sif Muna
Trog
Uskayaw
Vehumet
Yredelemnul
Zin
The Shining One

Shops:
D:2 *

Annotations:
D:6 1 runed translucent door, Shen's ghost, novice DsFi
Temple 2 transporters


Innate Abilities, Weirdness & Mutations

You are a tree.
Your roots penetrate the ground, keeping you stationary.
You cannot be teleported.
You are immune to unholy pain and torment.
Your maximum health is greatly increased.
Your equipment is partially melded.
((You are amphibious.))
((You cover ground slowly.))
((You can hop short distances.))
You have an extended range of vision and can be seen from far away.


Message History

The bolt of acid hits the orc warrior!
The orc warrior seems to be corroded for longer.
The orc warrior is almost dead.
The now-empty wand crumbles to dust.
The orc warrior hits you but does no damage.
The kobold brigand hits you but does no damage.
Unknown command.
Aiming: Throw Flame
Press: ? - help, Shift-Dir - straight line, f/p - orc warrior
Aim: an orc warrior, wielding a +0 glaive and wearing a +0 plate armour (almost dead, covered in acid, 74% to hit)
The puff of flame hits the orc warrior!
You kill the orc warrior!
Okawaru accepts your kill.
The kobold brigand hits you but does no damage.
Unknown command.
You closely miss the kobold brigand.
The kobold brigand is moderately wounded.
The kobold brigand hits you with a +2 vampiric dagger.
* * * LOW HITPOINT WARNING * * *
The kobold brigand draws strength from your wounds!
Unknown command.
You hit the kobold brigand.
The kobold brigand is moderately wounded.
You are ready to hop once more.
You hit the kobold brigand but do no damage.
The kobold brigand is moderately wounded.
The kobold brigand hits you with a +2 vampiric dagger.
* * * LOW HITPOINT WARNING * * *
You slash the kobold brigand!
The kobold brigand is heavily wounded.
The kobold brigand hits you but does no damage.
You hit the kobold brigand.
The kobold brigand is severely wounded.
You hit the kobold brigand.
The kobold brigand is severely wounded.
The kobold brigand hits you but does no damage.
You hit the kobold brigand but do no damage.
The kobold brigand is severely wounded.
The kobold brigand hits you with a +2 vampiric dagger.
You die...

#......... #......... #.........
#...>.....
########################.........
...............)K..........(.....
..............))♣................
...............)).........)......
.................................
....§.§§.........................
...§§§§§......................)..
...§§§§§......................<..
....§§§§..............~......)[).
....§§§§...........~~≈...........
###################~≈_~~........>


You could see a kobold brigand.

Vanquished Creatures
  Gastronok (D:7)
  2 two-headed ogres
  A troll (D:8)
  A hornet (D:8)
  A wraith (D:9)
  6 yaks (D:8)
  2 steam dragons
  2 water moccasins
  A sky beast (D:6)
  10 orc warriors
  2 black bears
  4 wolves (D:8)
  A phantom (D:6)
  A kobold brigand (D:7)
  2 bullfrogs
  A gnoll sergeant (D:6)
  2 scorpions
  3 wights (D:8)
  A killer bee (D:9)
  A howler monkey (D:8)
  3 electric eels (D:8)
  4 bombardier beetles
  7 hounds
  2 jellies
  Crazy Yiuf (D:7)
  9 orc priests
  2 gnoll boudas
  4 iguanas
  Ijyb (D:5)
  11 orc wizards
  7 adders
  20 gnolls
  A shadow imp (D:5)
  2 white imps
  2 ufetubi (D:7)
  4 ribbon worms
  3 dart slugs
  45 orcs
  6 bats
  10 endoplasms
  4 giant cockroaches
  17 goblins
  10 hobgoblins
  8 jackals
  4 quokkas
  9 ball pythons
  4 frilled lizards
  17 kobolds
  5 rats
267 creatures vanquished.

Vanquished Creatures (others)
  An orc (D:9)
1 creature vanquished.

Grand Total: 268 creatures vanquished

Notes
Turn   | Place    | Note
-------+----------+-------------------------------------------
     0 | D:1      | Newt the Barachi Fighter began the quest for the Orb.
     0 | D:1      | Reached XP level 1. HP: 18/18 MP: 1/1
   184 | D:1      | Reached XP level 2. HP: 21/25 MP: 2/2
   701 | D:1      | Reached XP level 3. HP: 30/30 MP: 3/3
  1199 | D:2      | Found Xaxtamomu's General Store.
  1348 | D:2      | Found a sacrificial altar of Ru.
  1453 | D:2      | Reached XP level 4. HP: 38/38 MP: 4/4
  2394 | D:4      | Reached skill level 5 in Long Blades
  2394 | D:4      | Reached XP level 5. HP: 28/43 MP: 3/5
  2560 | D:3      | Reached skill level 5 in Fighting
  3043 | D:3      | Found a glowing silver altar of Zin.
  3083 | D:3      | Identified the +9 plate armour "Ocohepey" {rPois}
  3679 | D:4      | Reached XP level 6. HP: 44/51 MP: 6/6
  3735 | D:4      | Identified the +4 ring mail of Beyond {rN+ Will+ Int-5}
  3922 | D:4      | Reached skill level 5 in Armour
  4355 | D:4      | Reached XP level 7. HP: 57/58 MP: 7/7
  4392 | D:4      | Found a bloodstained altar of Trog.
  4718 | D:4      | Found a staircase to the Ecumenical Temple.
  4724 | Temple   | Found a transporter.
  4724 | Temple   | Found a transporter.
  4724 | Temple   | Found a transporter.
  4724 | Temple   | Found a transporter.
  4724 | Temple   | Entered the Ecumenical Temple
  4739 | Temple   | Became a worshipper of Warmaster Okawaru
  4925 | D:5      | Entered Level 5 of the Dungeon
  5058 | D:5      | Noticed Ijyb
  5085 | D:5      | Killed Ijyb
  5085 | D:5      | Reached * piety under Okawaru
  5463 | D:5      | Reached XP level 8. HP: 62/67 MP: 8/8
  6366 | D:7      | Reached ** piety under Okawaru
  6731 | D:7      | Reached skill level 10 in Armour
  6863 | D:6      | Reached skill level 1 in Evocations
  6863 | D:6      | Reached XP level 9. HP: 38/75 MP: 7/9
  7084 | D:6      | Found a runed translucent door.
  7084 | D:6      | Noticed Shen's ghost (novice DsFi)
  7826 | D:7      | Found a runed translucent door.
  7827 | D:7      | Noticed Crazy Yiuf
  8184 | D:7      | Killed Crazy Yiuf
  8345 | D:8      | Noticed a troll
  8353 | D:8      | Noticed Gastronok
  8392 | D:8      | Reached skill level 5 in Evocations
  8412 | D:8      | Killed a troll
  8412 | D:8      | Reached *** piety under Okawaru
  8818 | D:7      | Reached skill level 10 in Fighting
  8936 | D:7      | Killed Gastronok
  8936 | D:7      | Reached **** piety under Okawaru
  8937 | D:7      | Reached XP level 10. HP: 38/86 MP: 4/10
  9143 | D:8      | Found a staircase to the Lair.
  9611 | D:8      | Found a radiant altar of Vehumet.
  9643 | D:8      | Noticed a two-headed ogre
  9669 | D:8      | Killed a two-headed ogre
  9669 | D:8      | Reached ***** piety under Okawaru
  9670 | D:8      | Reached skill level 10 in Long Blades
  9704 | D:8      | HP: 4/88 [orc warrior/+2 halberd of freezing (1)]
  9961 | D:8      | Found an opulent altar of Gozag.
  9992 | D:8      | Found Poeczeso's Book Emporium.
 10109 | D:8      | Identified the +8 war axe of the Bedazzling Bear {venom,
                  | rF+++ MP-9 Str+3 SInv}
 10606 | D:9      | Found a blossoming altar of Fedhas.
 10626 | D:8      | Reached XP level 11. HP: 77/95 MP: 9/11
 10983 | D:9      | Noticed a two-headed ogre
 10990 | D:9      | Killed a two-headed ogre
 11234 | D:9      | HP: 5/142 [orc warrior/+0 glaive (10)]
 11237 | D:9      | HP: 1/144 [kobold brigand/+2 vampiric dagger (5)]
 11243 | D:9      | Slain by a kobold brigand

Illustrated notes

Levels and vault maps discovered:
D:1:      dpeg_arrival_oval, layout_basic
D:2:      layout_loops_ring, basic_altar, serial_aquarium,
          aquarium_bridge_square [aquarium_subvault_wall,
          aquarium_subvault_window, aquarium_subvault_bridge,
          aquarium_subvault_balcony], aquarium_window_3, aquarium_window_fake,
          aquarium_window_1, aquarium_window_corner, aquarium_view_2c,
          aquarium_view_2c, aquarium_pool_side, serial_shops,
          nicolae_square_shop
D:3:      layout_basic, lemuel_round_altar, serial_glass, glass_columns_b,
          glass_columns_a
D:4:      layout_basic, trog_hazing_becter, minmay_temple_entry_fiery,
          st_stairs_10, corexii_leaking_fountain
D:5:      layout_rooms, uniq_ijyb
D:6:      layout_loops_cross, hellmonk_ghost_happy_afterlife
D:7:      layout_loops_corners, minmay_misc_feat_tower, uniq_crazy_yiuf_cottage
D:8:      layout_loops_ring, grunt_temple_overflow_open, erik_lair_island,
          serial_shops, nicolae_shop_tiny_glass, kennysheep_generic_room_15,
          uniq_gastronok
D:9:      layout_cross, fedhas_altar_2, kennysheep_small_circle
Temple:   hellmonk_temple_divided_pantheon

Skill      XL: |  1  2  3  4  5  6  7  8  9 10 11 |
---------------+----------------------------------+-----
Long Blades    | 3 4 5 8 11 12 | 12.1
Fighting       | 4 5 6 7 8 10 11 12 | 12.3
Armour         | 4 5 7 10 | 10.0
Evocations     | 1 6 |  6.1
Shields        | |  3.2

Action                     |  1- 3 |  4- 6 |  7- 9 | 10-12 || total
---------------------------+-------+-------+-------+-------++-------
  Melee: Long sword        |   143 |   244 |       |       ||   387
         Falchion          |       |    34 |   726 |   375 ||  1135
  Throw: Dart              |       |     2 |       |     4 ||     6
         Throwing net      |       |       |     1 |     2 ||     3
Ability: Hop               |       |       |       |     1 ||     1
  Evoke: Wand              |       |     1 |    11 |    12 ||    24
    Use: Scroll            |       |     2 |     7 |     2 ||    11
         Potion            |       |       |     5 |     4 ||     9
   Stab: Paralysed         |       |     3 |    48 |    14 ||    65
 Armour: Scale mail        |    95 |   104 |       |       ||   199
         Plate armour      |       |   136 |   795 |   445 ||  1376
         Skin              |       |       |       |    45 ||    45
  Dodge: Dodged            |    72 |   108 |   211 |   112 ||   503
  Block: Buckler           |    29 |    82 |   195 |    67 ||   373

Table legend: (Time is in decaauts)
 A = Elapsed time spent in this place.
 B = Non-inter-level travel time spent in this place.
 C = Inter-level travel time spent in this place.
 D = Time resting spent in this place.
 E = Time spent auto-exploring this place.
 F = Levels seen in this place.
 G = Mean time per level.
                   A        B        C        D        E       F      G
               +--------+--------+--------+--------+--------+-----+--------+
         Total |  12535 |  12130 |    405 |   2338 |   7216 |  10 | 1253.5 |
       Dungeon |  12399 |  12002 |    397 |   2238 |   7216 |   9 | 1377.7 |
        Temple |    136 |    128 |      8 |    100 |      0 |   1 |  136.0 |
               +--------+--------+--------+--------+--------+-----+--------+

Top non-repeatable levels by time:
     D:8: 2108 daAuts
     D:7: 2037 daAuts
     D:3: 1598 daAuts
     D:4: 1538 daAuts
     D:1: 1347 daAuts
     D:6: 1299 daAuts
     D:2: 1099 daAuts
     D:5: 965 daAuts
     D:9: 404 daAuts
  Temple: 136 daAuts
